 Dungeon Crawl Stone Soup version 0.32-a0-791-gfc315c9ecd (webtiles) character file.

Game seed: 15613020585399196113

196 BigDaddyOpFi the Trooper (level 5, -5/42 HPs)
             Began as a Coglin Fighter on Mar 20, 2024.
             Killed by divine providence
             ... invoked by an orc priest
              (12 damage)
             ... on level 4 of the Dungeon.
             The game lasted 00:02:22 (1981 turns).

BigDaddyOpFi the Trooper (Coglin Fighter)           Turns: 1981, Time: 00:02:22

Health: -5/42      AC: 10    Str: 17    XL:     5   Next: 74%
Magic:  5/5        EV:  6    Int:  7    God:
Gold:   168        SH:  0    Dex: 15    Spells: 4/4 levels left

rFire   . . .        a - +3 war axe {Choonhe}
rCold   . . .        j - +0 hand axe {Daeho}
rNeg    . . .        o - +0 chain mail
rPois   .            (no helmet)
rElec   .            (no cloak)
rCorr   .            l - +0 pair of gloves
SInv    .            (no boots)
Will    .....        (amulet unavailable) Stlth
                     (ring unavailable)
HPRegen 0.27/turn    (ring unavailable)
MPRegen 0.09/turn    (no gizmo)

%: no passive effects
@: mighty, revved
A: off-hand wielding, slow wielding, warmup strikes, no jewellery
a: Invent Gizmo, Convert to Beogh


You were on level 4 of the Dungeon.
You visited 1 branch of the dungeon, and saw 4 of its levels.

You collected 168 gold pieces.

Inventory:

Hand Weapons
 a - a +3 war axe (weapon) {Choonhe}
 j - a +0 hand axe (offhand) {Daeho}
Missiles
 i - 3 poisoned darts (quivered)
Armour
 b - a +0 scale mail
 c - a +0 buckler
 l - a +0 pair of gloves (worn)
 o - a +0 chain mail (worn)
Scrolls
 n - a scroll of immolation
 p - a scroll of butterflies
Potions
 e - a potion of haste {unknown}
 g - a potion of mutation {unknown}
 h - 3 potions of curing {unknown}
 k - a potion of attraction {unknown}
 q - a potion of degeneration {unknown}


   Skills:
 + Level 4.0 Fighting
 + Level 3.2 Axes
 + Level 3.6 Armour
 + Level 3.0 Shields


You had 4 spell levels left.
You didn't know any spells.
Your spell library contained the following spells:

 Spells                   Type           Power      Damage    Failure   Level
 Kiss of Death            Conj/Necr      0%         2d5       99%         1
 Jinxbite                 Hex            0%         N/A       100%        2
 Confusing Touch          Hex            0%         N/A       100%        3
 Fugue of the Fallen      Necr           0%         N/A       100%        3
 Ozocubu's Armour         Ice            0%         N/A       100%        3
 Dispel Undead            Necr           0%         3d6       100%        4
 Manifold Assault         Tloc           0%         N/A       100%        4
 Yara's Violent Unravell  Hex/Alch       0%         3d3       100%        5
 Enfeeble                 Hex            0%         N/A       100%        7


Dungeon Overview and Level Annotations

Branches:
Dungeon (3/15)

Altars:
Vehumet

Shops:
D:1 !   D:2 *


Innate Abilities, Weirdness & Mutations

You can wield a second weapon in your off-hand.
It takes a long time for you to wield or remove held weapons.
Your first few attacks do less damage.
You cannot equip rings or amulets.


Message History

You hear some strange, mumbled words.
A magic dart appears from out of thin air!
The magic dart hits you. Something hits you but does no damage.
You closely miss something with your +3 war axe.
You miss something with your +0 hand axe.
The orc priest invokes the aid of Beogh against you.
Beogh smites you! Something hits you but does no damage.
The orc priest shouts, "Surrender to Beogh and we'll let you live!"
You miss something with your +3 war axe.
You closely miss something with your +0 hand axe.
Something hits you but does no damage.
You miss something with your +0 hand axe.
You miss something with your +3 war axe.
Something hits you but does no damage.
You barely miss something with your +3 war axe.
The orc priest shouts, "Surrender to Beogh and we'll let you live!"
You hit something with your +0 hand axe.
The orc priest threatens, "Beogh's wrath is as vast as their mercy.
Make your choice!"
The orc priest mumbles some strange prayers to Beogh against you.
Beogh smites you! Something hits you but does no damage.
The orc priest looks braver for a moment.
Something hits you but does no damage.
The orc priest invokes the aid of Beogh against you.
Beogh smites you!
* * * LOW HITPOINT WARNING * * *
The orc priest shouts, "The Pantheon deserves no one's loyalty.
Let us show you the true path!"
You slash something with your +3 war axe!
Reactivating autopickup.
You feel a bit more experienced.
The orc priest shouts, "The Pantheon deserves no one's loyalty.
Let us show you the true path!"
Your Fighting skill increases to level 4!
Your Shields skill increases to level 3!
You feel very mighty all of a sudden.
The orc priest hits you but does no damage.
You closely miss the orc priest with your +3 war axe.
The orc priest threatens, "Beogh's wrath is as vast as their mercy.
Make your choice!"
You closely miss the orc priest with your +0 hand axe.
The orc priest invokes the aid of Beogh against you.
Beogh smites you!
You die...

#..## ...
... ...
#o# #o#
#o# #@#
#.#
#.########
#........#
########.#
#.######
#.[....#
######.#
#.#


You could see 2 orc priests and an orc.

Vanquished Creatures
  An orc priest (D:3)
  2 orc wizards (D:4)
  2 adders (D:2)
  3 gnolls
  A dart slug (D:1)
  2 ribbon worms (D:2)
  4 orcs (D:2)
  4 endoplasms
  2 giant cockroaches
  10 goblins
  7 hobgoblins
  5 kobolds
  8 ball pythons
  5 bats
  2 frilled lizards (D:1)
  A rat (D:1)
59 creatures vanquished.

Notes
Turn   | Place    | Note
-------+----------+-------------------------------------------
     0 | D:1      | BigDaddyOpFi the Coglin Fighter began the quest for the
                  | Orb.
     0 | D:1      | Reached XP level 1. HP: 18/18 MP: 1/1
   162 | D:1      | Reached XP level 2. HP: 24/24 MP: 2/2
   493 | D:1      | Found Fock's Distillery.
   548 | D:1      | Reached XP level 3. HP: 29/29 MP: 3/3
  1039 | D:2      | Found Nostruj's General Store.
  1189 | D:2      | Found a radiant altar of Vehumet.
  1194 | D:2      | Reached XP level 4. HP: 35/35 MP: 4/4
  1805 | D:3      | Reached XP level 5. HP: 33/42 MP: 5/5
  1948 | D:3      | You fall into a shaft and drop 1 floor!
  1980 | D:4      | Reached skill level 4 in Fighting
  1981 | D:4      | Killed from afar by an orc priest

Illustrated notes

Levels and vault maps discovered:
D:1:      dpeg_arrival_pond, layout_basic, serial_shops, nicolae_lakefront_shop,
          st_stairs_2, dk_noncrumbling_4, minmay_vboxes
D:2:      layout_basic, basic_altar, serial_shops, nicolae_shop_window_shopping
D:3:      layout_rooms, grunt_temple_overflow_order_and_chaos_2,
          kennysheep_ying_yang, gammafunk_temple_overflow_statue,
          uniq_crazy_yiuf_cottage
D:4:      layout_loops_ring, old_standard_altar, chequers_ossuary_entry_cave,
          portal_sewer_entry_e, st_stairs_7

Skill      XL: |  1  2  3  4  5 |
---------------+----------------+-----
Armour         | 3 |  3.6
Axes           | 3 |  3.2
Fighting       | 4 |  4.0
Shields        | 3 |  3.0

Action                     |  1- 3 |  4- 6 || total
---------------------------+-------+-------++-------
  Melee: War axe           |    65 |    50 ||   115
         Hand axe          |    24 |    46 ||    70
    Use: Scroll            |     4 |     3 ||     7
         Potion            |       |     1 ||     1
 Armour: Scale mail        |    56 |       ||    56
         Chain mail        |    12 |    75 ||    87
  Dodge: Dodged            |    25 |    15 ||    40
  Block: Buckler           |     7 |       ||     7

Table legend: (Time is in decaauts)
 A = Elapsed time spent in this place.
 B = Non-inter-level travel time spent in this place.
 C = Inter-level travel time spent in this place.
 D = Time resting spent in this place.
 E = Time spent auto-exploring this place.
 F = Levels seen in this place.
 G = Mean time per level.
                   A        B        C        D        E       F      G
               +--------+--------+--------+--------+--------+-----+--------+
         Total |   2022 |   1955 |     67 |    372 |   1169 |   4 |  505.5 |
       Dungeon |   2022 |   1955 |     67 |    372 |   1169 |   4 |  505.5 |
               +--------+--------+--------+--------+--------+-----+--------+

Top non-repeatable levels by time:
     D:2: 1024 daAuts
     D:1: 787 daAuts
     D:3: 174 daAuts
     D:4: 35 daAuts
